 Seeded DCSS version 0.29-a0-676-ga64570c9d2 (webtiles) character file.

Game seed: 11281427841516483749 (custom seed)

32 zeratav the Shooter (level 3, 0/21 HPs)
             Began as a Tengu Hunter on June 24, 2022.
             Slain by a kobold
             ... wielding a +0 club
              (1 damage)
             ... on level 2 of the Dungeon.
             The game lasted 00:01:48 (1285 turns).

zeratav the Shooter (Tengu Hunter)                  Turns: 1285, Time: 00:01:49

Health: 0/21       AC:  3    Str: 11    XL:     3   Next: 27%
Magic:  4/4        EV: 12    Int:  9    God:
Gold:   32         SH:  0    Dex: 19    Spells: 2/2 levels left

rFire   . . .      SeeInvis .   a - +1 shortbow {bow}
rCold   . . .      Faith    .   (shield currently unavailable)
rNeg    . . .      Spirit   .   b - +0 leather armour
rPois   .          Reflect  .   (helmet restricted)
rElec   .          Harm     .   (no cloak)
rCorr   .          Rampage  .   (no gloves)
Will    .....                   (boots unavailable)
Stlth   ++........              (no amulet)
HPRegen 0.07/turn               (no ring)
MPRegen 0.09/turn               (no ring)

@: no status effects
A: beak, talons 3
a: no special abilities


You were on level 2 of the Dungeon.
You visited 1 branch of the dungeon, and saw 2 of its levels.

You collected 32 gold pieces.


Innate Abilities, Weirdness & Mutations

You have a beak for a mouth.
You have claws for feet.


   Skills:
 - Level 2.0 Fighting
 - Level 4.3 Bows
 - Level 2.1 Dodging
 + Level 3.4 Stealth


You had 2 spell levels left.
You didn't know any spells.
Your spell library contained the following spells:

 Spells                   Type           Power      Damage    Failure   Level
 Static Discharge         Conj/Air       0%         N/A       63%         2
 Lightning Bolt           Conj/Air       0%         1d11      100%        5
 Maxwell's Capacitive Co  Air            0%         ∞         100%        8

Inventory:

Hand Weapons
 a - a +1 shortbow (weapon) {bow}
 d - a +0 short sword {short}
   (You took it off a kobold on level 1 of the Dungeon)
Armour
 b - a +0 leather armour (worn)
Scrolls
 c - a scroll of immolation {!r!r}
 e - a scroll of identify {unknown}
 f - a scroll of magic mapping {unknown}
 h - a scroll of enchant armour {unknown}
Potions
 g - 2 potions of mutation {unknown}

Dungeon Overview and Level Annotations

Branches:
Dungeon (2/15) Zot: 10689

Altars:

Annotations:
D:2 Jessica

#...#....#.###.#
#........#..##.##
##..#....#)#....####
#.....#............ #
#..####.#......####
##.#####..####.##.##.##
....................(#
#......#†######..####
#.####.#@# #..# #h#K#
#..# #.####.#.######..#
#....K.......)...#
#..###!.@.......## ..
###§######## ..# #.#
.$#


You could see Jessica (fast) and a kobold.


Message History

Shoot: a) +1 shortbow {bow}
Press: ? - help, Q - select action Shift-Dir - straight line, f/p - giant cockroach
Aim: a giant cockroach (65% to hit)
You shoot an arrow.
The arrow hits the giant cockroach but does no damage.
The giant cockroach bites you but does no damage.
Jessica casts a spell.
Jessica seems to speed up.
The giant cockroach barely misses you.
HP[+1] Jessica casts a spell.
Jessica blinks!
Shoot: a) +1 shortbow {bow}
Press: ? - help, Q - select action Shift-Dir - straight line, f/p - giant cockroach
Aim: a giant cockroach (65% to hit)
You shoot an arrow.
The arrow hits the giant cockroach but does no damage.
The giant cockroach closely misses you. The giant cockroach bites you.
HP[-1]
You take 1 damage, and now have 12/21 hp.
Shoot: a) +1 shortbow {bow}
Press: ? - help, Q - select action Shift-Dir - straight line, f/p - giant cockroach
Aim: a giant cockroach (65% to hit)
You shoot an arrow.
The arrow hits the giant cockroach but does no damage.
The giant cockroach bites you but does no damage.
Shoot: a) +1 shortbow {bow}
Press: ? - help, Q - select action Shift-Dir - straight line, f/p - giant cockroach
Aim: a giant cockroach (65% to hit)
You shoot an arrow.
The arrow hits the giant cockroach but does no damage.
The giant cockroach bites you but does no damage.
The giant cockroach bites you.
HP[-1]
You take 1 damage, and now have 11/21 hp.
Shoot: a) +1 shortbow {bow}
Press: ? - help, Q - select action Shift-Dir - straight line, f/p - giant cockroach
Aim: a giant cockroach (65% to hit)
You shoot an arrow. The arrow hits the giant cockroach.
You kill the giant cockroach!
Jessica closely misses you. The jackal closely misses you.
Shoot: a) +1 shortbow {bow}
Press: ? - help, Q - select action Shift-Dir - straight line, f - jackal
Aim: a jackal (59% to hit)
You shoot an arrow. The arrow hits the jackal.
Jessica barely misses you. The jackal barely misses you.
Jessica hits you with a +0 club.
* * * LOW HITPOINT WARNING * * *
HP[-3]
You take 3 damage, and now have 8/21 hp.
Shoot: a) +1 shortbow {bow}
Press: ? - help, Q - select action Shift-Dir - straight line, f/p - jackal
Aim: a jackal (moderately wounded, 59% to hit)
You shoot an arrow. The arrow misses the jackal.
Jessica misses you.
The jackal bites you but does no damage.
The jackal bites you.
* * * LOW HITPOINT WARNING * * *
Jessica mumbles some strange words.
Jessica blinks!
HP[-1]
You take 1 damage, and now have 7/21 hp.
Shoot: a) +1 shortbow {bow}
Press: ? - help, Q - select action Shift-Dir - straight line, f/p - jackal
Aim: a jackal (moderately wounded, 59% to hit)
You shoot an arrow. The arrow closely misses the jackal.
The jackal bites you.
* * * LOW HITPOINT WARNING * * *
The kobold throws a stone.
The stone closely misses you.
The stone hits the jackal.
The jackal barely misses you.
HP[-1]
You take 1 damage, and now have 6/21 hp.
Shoot: a) +1 shortbow {bow}
Press: ? - help, Q - select action Shift-Dir - straight line, f/p - jackal
Aim: a jackal (heavily wounded, 59% to hit)
You shoot an arrow. The arrow closely misses the jackal.
Jessica gestures wildly while chanting.
Jessica blinks!
The jackal bites you.
* * * LOW HITPOINT WARNING * * *
The kobold hits you with a +0 club.
* * * LOW HITPOINT WARNING * * *
The jackal misses you.
HP[-4]
You take 4 damage, and now have 2/21 hp.
Shoot: a) +1 shortbow {bow}
Press: ? - help, Q - select action Shift-Dir - straight line, f/p - jackal
Aim: a jackal (heavily wounded, 59% to hit)
You shoot an arrow. The arrow hits the jackal.
The jackal bites you.
* * * LOW HITPOINT WARNING * * *
The kobold hits you but does no damage. The jackal closely misses you.
HP[-1]
You take 1 damage, and now have 1/21 hp.
Shoot: a) +1 shortbow {bow}
Press: ? - help, Q - select action Shift-Dir - straight line, f/p - jackal
Aim: a jackal (almost dead, 59% to hit)
You shoot an arrow. The arrow hits the jackal!
You kill the jackal!
The kobold closely misses you. The kobold hits you with a +0 club.
You die...

Skill      XL: |  1  2 |
---------------+-------+-----
Stealth        | 2 3 |  3.4
Fighting       | |  2.0
Bows           | |  4.3
Dodging        | |  2.1

Action                   || total
-------------------------++-------
 Fire: Shortbow          ||    74
Armor: Leather armour    ||     8
Dodge: Dodged            ||    27

Levels and vault maps discovered:
D:1:      nzn_arrival_crosshair, layout_basic,
          dilly_ecumenical_altar_fadedgnrine
D:2:      layout_loops_ring, serial_shops, nicolae_shop_hallway_stairs,
          uniq_jessica

Notes
Turn   | Place    | Note
-------+----------+-------------------------------------------
     0 | D:1      | zeratav the Tengu Hunter began the quest for the Orb.
     0 | D:1      | Reached XP level 1. HP: 12/12 MP: 2/2
     0 | D:1      | magus.rc [v1.9.6]
   457 | D:1      | Reached skill level 2 in Stealth
   457 | D:1      | Reached XP level 2. HP: 17/17 MP: 3/3
   908 | D:1      | Found a faded altar of an unknown god.
  1158 | D:2      | Reached skill level 3 in Stealth
  1203 | D:2      | Reached XP level 3. HP: 21/21 MP: 4/4
  1261 | D:2      | You pick up a book of Lightning and begin reading...
  1261 | D:2      | You add the spells Static Discharge, Lightning Bolt and
                  | Maxwell's Capacitive Coupling to your library.
  1265 | D:2      | Noticed Jessica
  1283 | D:2      | HP: 4/21 [jackal (2)]
  1284 | D:2      | HP: 1/21 [jackal (2)]
  1285 | D:2      | Slain by a kobold

Vanquished Creatures
  2 ball pythons (D:2)
  An endoplasm (D:1)
  A giant cockroach (D:2)
  2 goblins
  4 jackals (D:2)
  6 quokkas
  3 bats
  2 frilled lizards
  7 kobolds
28 creatures vanquished.

Vanquished Creatures (others)
  13 plants (D:1)
13 creatures vanquished.

Grand Total: 41 creatures vanquished

Table legend:
 A = Non-vault XP
 B = Vault XP
 C = Vault XP percentage of total XP
 D = Non-vault monster count
 E = Vault monster count
 F = Vault count percentage of total count
                 A         B        C        D         E       F
            +---------+---------+-------+---------+---------+-------
      Total |      49 |       0 |   0.0 |      28 |       0 |   0.0
            +---------+---------+-------+---------+---------+-------
        D:1 |      19 |       0 |   0.0 |      12 |       0 |   0.0
        D:2 |      30 |       0 |   0.0 |      16 |       0 |   0.0
            +---------+---------+-------+---------+---------+-------

Illustrated notes

Table legend:
 A = Kills in this place as a percentage of kills in entire the game.
 B = Kills by you in this place as a percentage of kills by you in the entire game.
 C = Kills by friends in this place as a percentage of kills by friends in the entire game.
 D = Other kills in this place as a percentage of other kills in the entire game.
 E = Experience gained in this place as a percentage of experience gained in the entire game.
 F = Experience gained in this place divided by the number of levels of this place that you have seen.
                   A       B       C       D       E      F
               +-------+-------+-------+-------+-------+----------------------
         Total | 100.0 | 100.0 |   N/A |   N/A | 100.0 |  24.5
       Dungeon | 100.0 | 100.0 |   N/A |   N/A | 100.0 |  24.5
               +-------+-------+-------+-------+-------+----------------------

Table legend: (Time is in decaauts)
 A = Elapsed time spent in this place.
 B = Non-inter-level travel time spent in this place.
 C = Inter-level travel time spent in this place.
 D = Time resting spent in this place.
 E = Time spent auto-exploring this place.
 F = Levels seen in this place.
 G = Mean time per level.
                   A        B        C        D        E       F      G
               +--------+--------+--------+--------+--------+-----+--------+
         Total |   1309 |   1293 |     16 |      0 |   1155 |   2 |  654.5 |
       Dungeon |   1309 |   1293 |     16 |      0 |   1155 |   2 |  654.5 |
               +--------+--------+--------+--------+--------+-----+--------+

Top non-repeatable levels by time:
     D:1: 1127 daAuts
     D:2: 181 daAuts
